AoeStats
← Beowulf

Black Forest

504642913Analyzed
1v1 RM · 25d ago on Sep 6, 2026· 144m 48s· 2 players
Game mode
Random Map
Map size
Tiny (2 player)
Population
200
Speed
Normal
Resources
Standard
Victory
Conquest
Starting age
Dark Age
Ending age
Imperial Age
RankedLock teamsTeams togetherTeam positionsShared explorationLock speedFull tech treeHidden civsTurbo modeCheats
Victory
Defeat
🇺🇸 Franks · United States
510
+21
🇨🇴 Persians · Colombia
574
-19
Beowulf
9:10 Loom
12:03 Feudal Age
17:42 Double-Bit Axe
18:16 Town Watch
25:02 Castle Age
23:29 Man-at-Arms
24:59 Gold Mining
29:41 Stone Mining
30:26 Gold Shaft Mining
30:01 Scale Barding Armor
37:46 Imperial Age
36:24 Herbal Medicine
37:59 Cavalier
39:22 Onager
40:50 Chain Barding Armor
43:06 Chemistry
42:41 Conscription
42:28 Husbandry
43:03 Bow Saw
44:21 Town Patrol
47:36 Plate Barding Armor
47:46 Fortified Wall
47:57 Ballistics
48:48 Paladin
49:54 Guard Tower
52:47 Wheelbarrow
54:00 Chivalry
55:10 Hand Cart
55:34 Masonry
55:30 Siege Engineers
55:20 Murder Holes
55:16 Guard Tower
56:01 Elite Throwing Axeman
57:05 #83
58:54 Architecture
59:15 Hoardings
68:23 Forging
68:14 Scale Mail Armor
68:14 Padded Archer Armor
68:05 Fletching
68:08 Arrowslits
68:36 Padded Archer Armor
68:27 Fletching
69:26 Light Cavalry
70:58 Leather Archer Armor
70:38 Bodkin Arrow
71:19 Iron Casting
70:59 Chain Mail Armor
72:50 Plate Mail Armor
73:20 Blast Furnace
124:51 Coinage
Matadito
12:18 Feudal Age
12:49 Double-Bit Axe
19:13 Scale Mail Armor
25:12 Castle Age
23:24 Arson
25:10 Pikeman
26:57 Husbandry
31:33 Crossbowman
35:26 Kamandaran
35:02 Light Cavalry
41:59 Imperial Age
40:03 Fletching
40:15 Padded Archer Armor
42:13 Bloodlines
42:49 Town Watch
42:50 Loom
44:37 Bodkin Arrow
45:11 Conscription
47:21 Chemistry
48:48 Squires
50:28 Ballistics
49:37 Halberdier
52:06 Scale Barding Armor
54:34 Forging
54:37 Masonry
58:57 Hoardings
59:43 Chain Barding Armor
59:58 Iron Casting
60:17 Gambesons
63:35 Wheelbarrow
65:07 Heavy Camel Rider
67:46 Thumb Ring
68:51 Horse Collar
69:15 Town Patrol
71:11 Plate Barding Armor
74:00 Blast Furnace
73:23 Hand Cart
75:02 Chain Mail Armor
74:45 Murder Holes
78:51 Architecture
81:40 Leather Archer Armor
83:07 Citadels
86:06 Elite War Elephant
99:11 Plate Mail Armor
99:12 Ring Archer Armor
111:41 Theocracy
111:18 Fervor
112:29 Devotion
120:35 Hussar
131:31 Faith
Connection lost

Rejoining the realm…

Still unreachable

The connection could not be restored.

Session expired

The server has moved on; the page needs a fresh start.